[ AOE2 MATCH · #483339908 ]
Team RMEthiopians vs Jurchens
[ REPLAY ANALYSIS · EXTRACTED FROM THE RECORDED GAME ]
Feudal
—
Castle
—
Imperial
—
| APM avg | 41.8 |
| APM peak | 75 |
| eAPM avg | 16.9 |
| Villagers / military | 47 / 41 |
Focus
⚔️ 35.1% · 🌾 64.9%
Archer ×38 · Militia ×3
Feudal
11:20
Castle
—
Imperial
—
| APM avg | 45.5 |
| APM peak | 95 |
| eAPM avg | 14.9 |
| Villagers / military | 42 / 7 |
Focus
⚔️ 13.9% · 🌾 86.1%
Militia ×6 · Spearman ×1
Feudal
9:54
Castle
17:02
Imperial
—
| APM avg | 35.0 |
| APM peak | 71 |
| eAPM avg | 15.1 |
| Villagers / military | 59 / 16 |
Focus
⚔️ 16.9% · 🌾 83.1%
Steppe Lancer ×16
Feudal
9:35
Castle
—
Imperial
—
| APM avg | 24.5 |
| APM peak | 60 |
| eAPM avg | 11.1 |
| Villagers / military | 46 / 15 |
Focus
⚔️ 26.4% · 🌾 73.6%
Scout Cavalry ×15
Feudal
9:40
Castle
—
Imperial
—
| APM avg | 40.9 |
| APM peak | 83 |
| eAPM avg | 19.5 |
| Villagers / military | 47 / 14 |
Focus
⚔️ 34.4% · 🌾 65.6%
Archer ×13 · Skirmisher ×1
Feudal
10:28
Castle
16:43
Imperial
—
| APM avg | 18.6 |
| APM peak | 51 |
| eAPM avg | 11.1 |
| Villagers / military | 53 / 6 |
Focus
⚔️ 13.2% · 🌾 86.8%
Knight ×4 · Camel Scout ×2
Feudal
9:16
Castle
—
Imperial
—
| APM avg | 64.7 |
| APM peak | 102 |
| eAPM avg | 23.5 |
| Villagers / military | 44 / 25 |
Focus
⚔️ 14.4% · 🌾 85.6%
Archer ×16 · Skirmisher ×5 · Spearman ×4
Feudal
8:56
Castle
20:27
Imperial
—
| APM avg | 47.4 |
| APM peak | 91 |
| eAPM avg | 15.5 |
| Villagers / military | 56 / 25 |
Focus
⚔️ 22.5% · 🌾 77.5%
Knight ×13 · Scout Cavalry ×10 · Spearman ×2
Match map
Initial resources + every placement click. Lines = walls · curves = elevation contours. ◆ gold · ⬟ stone · ● berries · ✦ relic · ◌ wall gap
Your base· Open — unwalled flank
LordTrump's base· Open — unwalled flank
逐曦者's base· Open — unwalled flank
moneyfusion06's base· Open — unwalled flank
Yukido's base· Open — unwalled flank
MVP ?'s base· Open — unwalled flank
momo's base· Open — unwalled flank
快乐沙狗's base· Open — unwalled flank
Smoothed initial terrain · ◌ = detected wall gap · hover for details
Inputs per minute
— Yaoces - - LordTrump
Build order — Yaoces
136 actions detected in the replay
| 0:01 | Create | Villager (Male) |
| 0:02 | Create | Villager (Male) |
| 0:02 | Create | Villager (Male) |
| 0:02 | Build | House |
| 0:04 | Build | House |
| 0:05 | Create | Villager (Male) |
| 1:32 | Create | Villager (Male) |
| 1:32 | Create | Villager (Male) |
| 2:01 | Create | Villager (Male) |
| 2:02 | Create | Villager (Male) |
| 2:16 | Create | Villager (Male) |
| 2:17 | Create | Villager (Male) |
| 2:44 | Build | Lumber Camp |
| 2:51 | Create | Villager (Male) |
| 2:51 | Create | Villager (Male) |
| 3:03 | Create | Villager (Male) |
| 3:40 | Create | Villager (Male) |
| 3:41 | Create | Villager (Male) |
| 3:50 | Build | House |
| 3:51 | Build | House |
| 4:02 | Create | Villager (Male) |
| 4:02 | Create | Villager (Male) |
| 4:32 | Build | Mill |
| 4:36 | Create | Villager (Male) |
| 4:36 | Create | Villager (Male) |
| 4:59 | Create | Villager (Male) |
| 4:59 | Create | Villager (Male) |
| 5:14 | Create | Villager (Male) |
| 5:15 | Create | Villager (Male) |
| 5:43 | Create | Villager (Male) |
| 5:44 | Create | Villager (Male) |
| 5:46 | Create | Villager (Male) |
| 5:46 | Create | Villager (Male) |
| 6:50 | Research | Loom |
| 7:33 | Build | Barracks |
| 7:53 | Research | Feudal Age |
| 8:28 | Create | Militia |
| 8:28 | Create | Militia |
| 8:34 | Build | House |
| 8:51 | Create | Militia |
| 9:40 | Create | Villager (Male) |
| 9:47 | Build | Mining Camp |
| 10:06 | Research | Man-at-Arms (upgrade) |
| 10:11 | Build | Archery Range |
| 10:12 | Create | Villager (Male) |
| 10:14 | Create | Villager (Male) |
| 10:21 | Build | Watch Tower |
| 10:36 | Create | Villager (Male) |
| 11:15 | Create | Villager (Male) |
| 11:20 | Build | Archery Range |
| 11:22 | Create | Archer |
| 11:24 | Create | Archer |
| 11:25 | Create | Villager (Male) |
| 11:52 | Create | Villager (Male) |
| 11:55 | Create | Villager (Male) |
| 12:08 | Build | House |
| 12:20 | Build | House |
| 12:22 | Create | Villager (Male) |
| 12:32 | Create | Archer |
| 12:34 | Create | Archer |
| 12:38 | Build | Farm |
| 12:40 | Build | Farm |
| 12:42 | Create | Villager (Male) |
| 12:56 | Create | Archer |
| 13:10 | Create | Archer |
| 13:17 | Build | Palisade Wall |
| 13:18 | Create | Archer |
| 13:33 | Create | Archer |
| 13:39 | Build | House |
| 13:40 | Create | Villager (Male) |
| 13:42 | Build | Farm |
| 14:03 | Create | Archer |
| 14:14 | Build | House |
| 14:16 | Create | Archer |
| 14:22 | Build | Farm |
| 14:46 | Create | Archer |
| 15:07 | Create | Archer |
| 15:19 | Create | Archer |
| 15:24 | Build | Blacksmith |
| 15:27 | Create | Villager (Male) |
| 15:28 | Build | Farm |
| 15:29 | Build | Farm |
| 15:31 | Create | Villager (Male) |
| 15:35 | Create | Archer |
| 15:51 | Create | Archer |
| 15:54 | Create | Archer |
| 16:00 | Create | Villager (Male) |
| 16:03 | Build | Farm |
| 16:06 | Build | Farm |
| 16:07 | Create | Villager (Male) |
| 16:11 | Build | House |
| 16:27 | Research | Fletching |
| 16:29 | Create | Villager (Male) |
| 16:40 | Create | Archer |
| 16:48 | Create | Archer |
| 17:14 | Create | Archer |
| 17:32 | Create | Archer |
| 17:33 | Create | Villager (Male) |
| 17:35 | Build | Farm |
| 17:40 | Build | House |
| 17:42 | Build | Palisade Wall |
| 18:12 | Create | Archer |
| 18:26 | Create | Archer |
| 18:35 | Create | Villager (Male) |
| 18:38 | Build | Farm |
| 18:40 | Build | Farm |
| 18:43 | Build | Farm |
| 18:44 | Build | Farm |
| 18:48 | Build | Farm |
| 18:51 | Build | Farm |
| 18:57 | Create | Villager (Male) |
| 19:09 | Create | Archer |
| 19:11 | Create | Archer |
| 19:13 | Create | Archer |
| 19:38 | Create | Archer |
| 19:46 | Create | Archer |
| 20:00 | Create | Villager (Male) |
| 20:02 | Build | Farm |
| 20:15 | Build | Palisade Gate |
| 20:19 | Create | Archer |
| 20:26 | Create | Archer |
| 20:31 | Create | Archer |
| 20:45 | Build | Mining Camp |
| 20:56 | Research | Castle Age |
| 21:53 | Create | Archer |
| 21:57 | Create | Archer |
| 21:59 | Create | Archer |
| 22:03 | Build | House |
| 22:04 | Create | Archer |
| 22:12 | Research | Double-Bit Axe |
| 22:15 | Research | Horse Collar |
| 22:24 | Build | Lumber Camp |
| 22:30 | Create | Archer |
| 22:47 | Create | Archer |
| 22:48 | Create | Archer |
| 23:12 | Create | Archer |
Build order — LordTrump
85 actions detected in the replay
| 0:02 | Create | Villager (Male) |
| 0:04 | Build | House |
| 0:05 | Build | House |
| 0:12 | Create | Villager (Male) |
| 0:13 | Create | Villager (Male) |
| 0:13 | Create | Villager (Male) |
| 0:13 | Create | Villager (Male) |
| 1:30 | Create | Villager (Male) |
| 1:30 | Create | Villager (Male) |
| 1:46 | Build | Lumber Camp |
| 2:06 | Create | Villager (Male) |
| 2:06 | Create | Villager (Male) |
| 2:18 | Create | Villager (Male) |
| 2:50 | Create | Villager (Male) |
| 2:50 | Create | Villager (Male) |
| 3:08 | Create | Villager (Male) |
| 3:08 | Create | Villager (Male) |
| 3:37 | Build | House |
| 3:44 | Create | Villager (Male) |
| 3:44 | Create | Villager (Male) |
| 3:58 | Create | Villager (Male) |
| 3:58 | Create | Villager (Male) |
| 4:17 | Build | Mill |
| 4:38 | Create | Villager (Male) |
| 4:38 | Create | Villager (Male) |
| 4:39 | Create | Villager (Male) |
| 5:23 | Build | House |
| 5:50 | Create | Villager (Male) |
| 5:51 | Create | Villager (Male) |
| 5:51 | Create | Villager (Male) |
| 5:58 | Create | Villager (Male) |
| 5:59 | Create | Villager (Male) |
| 6:25 | Research | Loom |
| 6:37 | Research | Loom |
| 6:51 | Create | Villager (Male) |
| 7:00 | Build | Mill |
| 7:22 | Create | Villager (Male) |
| 7:22 | Create | Villager (Male) |
| 8:15 | Build | Barracks |
| 8:17 | Create | Villager (Male) |
| 8:25 | Create | Villager (Male) |
| 9:09 | Research | Feudal Age |
| 9:09 | Research | Feudal Age |
| 9:14 | Create | Militia |
| 9:14 | Create | Militia |
| 9:34 | Create | Militia |
| 9:34 | Create | Militia |
| 9:49 | Create | Militia |
| 9:58 | Build | Lumber Camp |
| 10:02 | Build | House |
| 10:21 | Create | Villager (Male) |
| 10:31 | Build | Palisade Wall |
| 10:32 | Build | Palisade Wall |
| 10:33 | Build | Palisade Wall |
| 10:34 | Build | Palisade Wall |
| 10:37 | Build | Palisade Gate |
| 10:40 | Build | Palisade Wall |
| 10:55 | Create | Militia |
| 11:20 | Age | Feudal Age |
| 11:29 | Create | Villager (Male) |
| 11:40 | Research | Man-at-Arms (upgrade) |
| 11:50 | Create | Villager (Male) |
| 11:58 | Build | Palisade Wall |
| 12:05 | Build | House |
| 12:06 | Create | Spearman |
| 12:08 | Create | Villager (Male) |
| 12:08 | Create | Villager (Male) |
| 12:14 | Create | Villager (Male) |
| 12:38 | Build | House |
| 12:39 | Build | House |
| 12:42 | Build | Farm |
| 12:42 | Build | Farm |
| 12:42 | Build | Farm |
| 12:42 | Build | Farm |
| 13:05 | Create | Villager (Male) |
| 13:05 | Create | Villager (Male) |
| 13:34 | Build | Farm |
| 13:38 | Build | Farm |
| 14:05 | Build | Farm |
| 14:53 | Create | Villager (Male) |
| 14:53 | Create | Villager (Male) |
| 15:10 | Build | Farm |
| 15:31 | Create | Villager (Male) |
| 15:34 | Build | Archery Range |
| 15:49 | Build | Farm |
Build order — 逐曦者
146 actions detected in the replay
| 0:05 | Create | Villager (Male) |
| 0:05 | Create | Villager (Male) |
| 0:05 | Create | Villager (Male) |
| 0:08 | Build | House |
| 0:10 | Build | House |
| 0:14 | Create | Villager (Male) |
| 1:40 | Create | Villager (Male) |
| 1:40 | Create | Villager (Male) |
| 2:03 | Build | Lumber Camp |
| 2:09 | Create | Villager (Male) |
| 2:10 | Create | Villager (Male) |
| 2:10 | Create | Villager (Male) |
| 2:28 | Create | Villager (Male) |
| 2:28 | Create | Villager (Male) |
| 2:29 | Create | Villager (Male) |
| 2:52 | Create | Villager (Male) |
| 2:53 | Create | Villager (Male) |
| 3:08 | Create | Villager (Male) |
| 3:08 | Create | Villager (Male) |
| 3:33 | Create | Villager (Male) |
| 3:33 | Create | Villager (Male) |
| 4:07 | Create | Villager (Male) |
| 4:07 | Create | Villager (Male) |
| 4:16 | Build | House |
| 4:34 | Create | Villager (Male) |
| 4:34 | Create | Villager (Male) |
| 5:06 | Create | Villager (Male) |
| 5:07 | Create | Villager (Male) |
| 5:23 | Create | Villager (Male) |
| 5:33 | Build | House |
| 5:49 | Create | Villager (Male) |
| 6:08 | Create | Villager (Male) |
| 6:41 | Create | Villager (Male) |
| 6:48 | Build | Mill |
| 7:13 | Create | Villager (Male) |
| 7:44 | Research | Feudal Age |
| 8:46 | Build | Mill |
| 9:09 | Create | Villager (Male) |
| 9:09 | Create | Villager (Male) |
| 9:31 | Build | Mining Camp |
| 9:54 | Age | Feudal Age |
| 10:00 | Research | Double-Bit Axe |
| 10:28 | Build | Blacksmith |
| 10:36 | Create | Villager (Male) |
| 11:24 | Build | Barracks |
| 11:37 | Create | Villager (Male) |
| 11:38 | Create | Villager (Male) |
| 11:44 | Build | House |
| 11:44 | Build | House |
| 11:45 | Build | House |
| 11:45 | Build | House |
| 11:46 | Build | House |
| 11:52 | Research | Loom |
| 11:52 | Create | Villager (Male) |
| 11:52 | Create | Villager (Male) |
| 12:34 | Build | Market |
| 12:59 | Build | Palisade Wall |
| 13:04 | Research | Wheelbarrow |
| 13:11 | Create | Villager (Male) |
| 13:17 | Build | Farm |
| 13:45 | Build | Farm |
| 13:49 | Create | Villager (Male) |
| 14:02 | Build | House |
| 14:22 | Research | Castle Age |
| 14:22 | Research | Castle Age |
| 14:34 | Build | Stable |
| 14:42 | Create | Villager (Male) |
| 14:43 | Create | Villager (Male) |
| 15:21 | Research | Horse Collar |
| 15:21 | Research | Horse Collar |
| 15:57 | Build | Palisade Wall |
| 16:08 | Build | Stable |
| 16:11 | Create | Villager (Male) |
| 16:11 | Create | Villager (Male) |
| 16:16 | Build | Farm |
| 16:16 | Build | Farm |
| 16:17 | Build | Farm |
| 16:17 | Build | Farm |
| 16:18 | Build | Farm |
| 16:19 | Build | Farm |
| 16:43 | Research | Scale Barding Armor |
| 16:58 | Build | Farm |
| 16:59 | Build | Farm |
| 17:00 | Build | Farm |
| 17:00 | Build | Farm |
| 17:01 | Build | Farm |
| 17:01 | Build | Farm |
| 17:02 | Build | Farm |
| 17:02 | Age | Castle Age |
| 17:02 | Build | Farm |
| 17:07 | Create | Steppe Lancer |
| 17:07 | Create | Steppe Lancer |
| 17:08 | Create | Steppe Lancer |
| 17:08 | Create | Steppe Lancer |
| 17:54 | Build | Farm |
| 18:18 | Create | Steppe Lancer |
| 18:18 | Create | Steppe Lancer |
| 18:18 | Create | Steppe Lancer |
| 18:25 | Create | Villager (Male) |
| 18:26 | Create | Villager (Male) |
| 18:34 | Build | Palisade Wall |
| 18:40 | Create | Villager (Male) |
| 18:40 | Create | Villager (Male) |
| 18:56 | Build | Palisade Gate |
| 19:13 | Create | Steppe Lancer |
| 19:13 | Create | Steppe Lancer |
| 19:18 | Create | Villager (Male) |
| 19:18 | Create | Villager (Male) |
| 19:18 | Create | Villager (Male) |
| 19:26 | Build | Palisade Wall |
| 19:53 | Create | Steppe Lancer |
| 19:53 | Create | Steppe Lancer |
| 19:56 | Create | Villager (Male) |
| 20:06 | Build | Farm |
| 20:08 | Build | Farm |
| 20:31 | Build | Palisade Wall |
| 20:39 | Create | Villager (Male) |
| 20:39 | Create | Villager (Male) |
| 21:03 | Create | Villager (Male) |
| 21:06 | Create | Steppe Lancer |
| 21:06 | Create | Steppe Lancer |
| 21:06 | Create | Steppe Lancer |
| 21:23 | Build | Farm |
| 21:23 | Build | Farm |
| 21:23 | Build | Farm |
| 21:24 | Build | Farm |
| 21:24 | Build | Farm |
| 21:25 | Build | Farm |
| 21:25 | Build | Farm |
| 21:26 | Build | Farm |
| 21:27 | Build | Farm |
| 21:27 | Build | Farm |
| 22:05 | Research | Scale Barding Armor |
| 22:08 | Create | Villager (Male) |
| 22:08 | Create | Villager (Male) |
| 22:08 | Create | Villager (Male) |
| 22:18 | Build | House |
| 22:19 | Build | House |
| 22:26 | Build | Town Center |
| 22:44 | Research | Husbandry |
| 22:46 | Create | Steppe Lancer |
| 22:46 | Create | Steppe Lancer |
| 23:03 | Create | Villager (Male) |
| 23:03 | Create | Villager (Male) |
| 23:03 | Create | Villager (Male) |
| 23:08 | Build | House |
Build order — moneyfusion06
127 actions detected in the replay
| 0:01 | Create | Villager (Male) |
| 0:02 | Create | Villager (Male) |
| 0:02 | Create | Villager (Male) |
| 0:03 | Build | House |
| 0:05 | Build | House |
| 0:24 | Create | Villager (Male) |
| 1:24 | Create | Villager (Male) |
| 1:25 | Create | Villager (Male) |
| 1:59 | Create | Villager (Male) |
| 2:25 | Create | Villager (Male) |
| 2:44 | Build | Lumber Camp |
| 2:55 | Create | Villager (Male) |
| 3:02 | Build | House |
| 3:13 | Create | Villager (Male) |
| 3:14 | Create | Villager (Male) |
| 3:46 | Create | Villager (Male) |
| 4:08 | Create | Villager (Male) |
| 4:43 | Create | Villager (Male) |
| 4:50 | Build | Mill |
| 5:02 | Create | Villager (Male) |
| 5:02 | Create | Villager (Male) |
| 5:18 | Create | Villager (Male) |
| 6:05 | Create | Villager (Male) |
| 6:06 | Create | Villager (Male) |
| 6:10 | Research | Loom |
| 7:25 | Research | Feudal Age |
| 8:00 | Build | Barracks |
| 8:18 | Build | Farm |
| 8:32 | Create | Villager (Male) |
| 8:38 | Create | Villager (Male) |
| 9:15 | Build | Farm |
| 9:17 | Build | Farm |
| 9:35 | Age | Feudal Age |
| 9:38 | Build | Stable |
| 9:52 | Research | Double-Bit Axe |
| 10:03 | Create | Villager (Male) |
| 10:10 | Build | House |
| 10:24 | Build | Farm |
| 10:27 | Create | Villager (Male) |
| 10:30 | Create | Scout Cavalry |
| 10:30 | Create | Scout Cavalry |
| 10:42 | Build | House |
| 10:50 | Build | Palisade Wall |
| 10:52 | Build | Palisade Wall |
| 10:54 | Create | Villager (Male) |
| 10:59 | Build | Mill |
| 11:02 | Create | Villager (Male) |
| 11:17 | Build | Farm |
| 11:29 | Research | Horse Collar |
| 11:39 | Build | House |
| 11:47 | Build | Farm |
| 11:51 | Create | Villager (Male) |
| 12:00 | Build | Farm |
| 12:09 | Create | Scout Cavalry |
| 12:15 | Create | Villager (Male) |
| 12:19 | Build | Farm |
| 12:34 | Build | Farm |
| 12:35 | Create | Villager (Male) |
| 12:39 | Build | House |
| 12:44 | Create | Scout Cavalry |
| 13:01 | Build | Farm |
| 13:10 | Create | Villager (Male) |
| 13:14 | Build | House |
| 13:15 | Build | House |
| 14:12 | Create | Villager (Male) |
| 14:12 | Create | Villager (Male) |
| 14:16 | Build | Farm |
| 14:18 | Create | Scout Cavalry |
| 14:18 | Create | Scout Cavalry |
| 14:24 | Build | House |
| 15:10 | Create | Villager (Male) |
| 15:30 | Create | Villager (Male) |
| 15:30 | Create | Villager (Male) |
| 15:34 | Build | Farm |
| 15:39 | Build | Mill |
| 15:56 | Create | Villager (Male) |
| 15:59 | Create | Scout Cavalry |
| 15:59 | Create | Scout Cavalry |
| 15:59 | Create | Scout Cavalry |
| 16:26 | Create | Villager (Male) |
| 16:30 | Build | Farm |
| 16:31 | Build | Farm |
| 16:34 | Build | Farm |
| 16:37 | Build | Farm |
| 16:41 | Build | House |
| 16:51 | Create | Scout Cavalry |
| 17:06 | Build | Farm |
| 17:11 | Build | Blacksmith |
| 17:25 | Create | Villager (Male) |
| 17:25 | Create | Villager (Male) |
| 17:32 | Build | Mining Camp |
| 18:10 | Create | Villager (Male) |
| 18:14 | Build | House |
| 18:15 | Research | Scale Barding Armor |
| 18:16 | Research | Forging |
| 18:21 | Create | Scout Cavalry |
| 18:21 | Create | Scout Cavalry |
| 18:40 | Create | Villager (Male) |
| 18:45 | Build | Mill |
| 18:46 | Build | Farm |
| 18:46 | Build | Farm |
| 18:46 | Build | Farm |
| 18:46 | Build | Farm |
| 18:46 | Build | Farm |
| 18:47 | Build | Farm |
| 18:47 | Build | Farm |
| 18:47 | Build | Farm |
| 19:14 | Create | Villager (Male) |
| 19:14 | Create | Villager (Male) |
| 19:20 | Build | Farm |
| 19:45 | Build | House |
| 19:47 | Build | House |
| 19:56 | Create | Villager (Male) |
| 20:16 | Create | Villager (Male) |
| 20:41 | Build | Market |
| 21:12 | Create | Villager (Male) |
| 21:14 | Create | Scout Cavalry |
| 21:38 | Research | Castle Age |
| 21:41 | Build | Stable |
| 21:44 | Build | House |
| 21:49 | Build | Palisade Gate |
| 21:55 | Create | Villager (Male) |
| 22:03 | Research | Stone Mining |
| 22:12 | Research | Bloodlines |
| 22:13 | Create | Scout Cavalry |
| 22:13 | Create | Scout Cavalry |
| 22:29 | Build | Farm |
Build order — Yukido
123 actions detected in the replay
| 0:01 | Research | Loom |
| 0:03 | Build | House |
| 0:04 | Build | House |
| 0:07 | Create | Villager (Male) |
| 0:07 | Create | Villager (Male) |
| 0:20 | Create | Villager (Male) |
| 0:20 | Create | Villager (Male) |
| 1:27 | Create | Villager (Male) |
| 1:27 | Create | Villager (Male) |
| 2:04 | Create | Villager (Male) |
| 2:04 | Create | Villager (Male) |
| 2:05 | Create | Villager (Male) |
| 2:50 | Create | Villager (Male) |
| 2:50 | Create | Villager (Male) |
| 3:08 | Create | Villager (Male) |
| 3:08 | Create | Villager (Male) |
| 3:19 | Build | Lumber Camp |
| 3:30 | Build | House |
| 3:49 | Create | Villager (Male) |
| 3:49 | Create | Villager (Male) |
| 3:51 | Create | Villager (Male) |
| 3:52 | Create | Villager (Male) |
| 4:18 | Create | Villager (Male) |
| 4:18 | Create | Villager (Male) |
| 4:26 | Create | Villager (Male) |
| 5:48 | Create | Villager (Male) |
| 6:10 | Build | Mill |
| 6:53 | Create | Villager (Male) |
| 7:30 | Research | Feudal Age |
| 7:43 | Build | Mining Camp |
| 8:59 | Build | Barracks |
| 9:22 | Create | Villager (Male) |
| 9:40 | Age | Feudal Age |
| 9:49 | Build | House |
| 9:53 | Research | Wheelbarrow |
| 10:03 | Build | Archery Range |
| 10:07 | Create | Villager (Male) |
| 10:17 | Build | House |
| 10:21 | Build | Palisade Wall |
| 10:26 | Create | Villager (Male) |
| 10:41 | Research | Double-Bit Axe |
| 10:43 | Create | Archer |
| 10:51 | Build | House |
| 10:53 | Create | Archer |
| 11:36 | Create | Villager (Male) |
| 11:40 | Create | Archer |
| 11:45 | Create | Archer |
| 11:56 | Build | Palisade Gate |
| 11:59 | Create | Archer |
| 11:59 | Create | Skirmisher |
| 12:13 | Build | Archery Range |
| 12:25 | Create | Villager (Male) |
| 12:39 | Create | Villager (Male) |
| 12:54 | Create | Villager (Male) |
| 12:57 | Create | Archer |
| 13:10 | Create | Archer |
| 13:35 | Create | Archer |
| 13:54 | Create | Archer |
| 14:00 | Build | Farm |
| 14:03 | Create | Villager (Male) |
| 14:07 | Build | House |
| 14:20 | Create | Archer |
| 14:24 | Build | House |
| 14:33 | Create | Archer |
| 14:38 | Research | Town Watch |
| 14:47 | Build | Blacksmith |
| 14:52 | Create | Villager (Male) |
| 15:11 | Create | Villager (Male) |
| 15:13 | Create | Villager (Male) |
| 15:13 | Create | Villager (Male) |
| 15:20 | Create | Villager (Male) |
| 15:27 | Build | House |
| 15:28 | Research | Fletching |
| 15:32 | Build | Farm |
| 15:42 | Create | Villager (Male) |
| 15:49 | Create | Archer |
| 15:50 | Create | Archer |
| 15:52 | Build | House |
| 16:06 | Build | Farm |
| 16:09 | Create | Villager (Male) |
| 16:40 | Build | Mill |
| 16:44 | Build | House |
| 16:53 | Build | Farm |
| 16:55 | Create | Villager (Male) |
| 17:06 | Build | Farm |
| 17:36 | Build | Farm |
| 17:38 | Create | Villager (Male) |
| 17:43 | Build | House |
| 17:45 | Build | Farm |
| 17:57 | Create | Villager (Male) |
| 18:04 | Build | Farm |
| 18:16 | Research | Horse Collar |
| 18:17 | Create | Villager (Male) |
| 18:24 | Build | House |
| 18:54 | Build | House |
| 18:56 | Create | Villager (Male) |
| 19:28 | Build | House |
| 19:29 | Create | Villager (Male) |
| 19:41 | Build | Market |
| 19:45 | Create | Villager (Male) |
| 19:48 | Build | Farm |
| 19:49 | Build | Farm |
| 19:51 | Build | Farm |
| 20:29 | Create | Villager (Male) |
| 21:14 | Build | Palisade Wall |
| 21:15 | Build | Palisade Wall |
| 21:17 | Build | Palisade Wall |
| 21:18 | Build | Palisade Wall |
| 21:19 | Build | Palisade Wall |
| 21:28 | Build | Farm |
| 21:28 | Build | Farm |
| 21:28 | Build | Farm |
| 21:29 | Build | Farm |
| 21:29 | Build | Farm |
| 21:30 | Create | Villager (Male) |
| 22:01 | Build | Gate |
| 22:07 | Build | House |
| 22:19 | Research | Castle Age |
| 22:34 | Create | Villager (Male) |
| 23:07 | Build | Farm |
| 23:07 | Build | Farm |
| 23:07 | Build | Farm |
| 23:12 | Build | Farm |
Build order — MVP ?
101 actions detected in the replay
| 0:03 | Create | Villager (Male) ×5 |
| 0:03 | Create | Villager (Male) ×5 |
| 0:05 | Build | House |
| 0:07 | Build | House |
| 1:26 | Create | Villager (Male) |
| 1:26 | Create | Villager (Male) |
| 1:52 | Create | Villager (Male) |
| 1:52 | Create | Villager (Male) |
| 2:36 | Build | Lumber Camp |
| 2:37 | Create | Villager (Male) |
| 2:37 | Create | Villager (Male) |
| 3:05 | Build | House |
| 3:14 | Create | Villager (Male) |
| 3:15 | Create | Villager (Male) |
| 3:15 | Create | Villager (Male) |
| 3:54 | Create | Villager (Male) |
| 3:54 | Create | Villager (Male) |
| 4:22 | Create | Villager (Male) |
| 4:22 | Create | Villager (Male) |
| 4:22 | Create | Villager (Male) |
| 4:40 | Build | Mill |
| 5:14 | Build | House |
| 5:51 | Create | Villager (Male) |
| 6:23 | Create | Villager (Male) |
| 6:45 | Create | Villager (Male) |
| 7:06 | Create | Villager (Male) |
| 7:10 | Build | House |
| 7:19 | Create | Villager (Male) |
| 7:39 | Build | Mining Camp |
| 7:49 | Create | Villager (Male) |
| 8:02 | Research | Feudal Age |
| 8:57 | Build | Mill |
| 10:02 | Create | Villager (Male) |
| 10:03 | Create | Villager (Male) |
| 10:23 | Create | Villager (Male) |
| 10:28 | Age | Feudal Age |
| 10:32 | Build | Market |
| 10:38 | Build | Blacksmith |
| 11:01 | Build | House |
| 11:22 | Create | Villager (Male) |
| 11:37 | Build | Farm |
| 11:38 | Build | Farm |
| 11:58 | Research | Loom |
| 12:09 | Create | Villager (Male) |
| 12:31 | Create | Villager (Male) |
| 12:55 | Create | Villager (Male) |
| 13:00 | Build | Mill |
| 13:21 | Create | Villager (Male) |
| 13:33 | Build | House |
| 13:52 | Create | Villager (Male) |
| 14:17 | Research | Castle Age |
| 14:41 | Build | Lumber Camp |
| 14:44 | Research | Double-Bit Axe |
| 15:18 | Build | Barracks |
| 15:25 | Research | Gold Mining |
| 15:37 | Research | Horse Collar |
| 16:16 | Build | Stable |
| 16:23 | Build | House |
| 16:29 | Research | Scale Barding Armor |
| 16:32 | Create | Villager (Male) |
| 16:43 | Age | Castle Age |
| 16:52 | Create | Villager (Male) |
| 17:07 | Create | Knight |
| 17:07 | Create | Knight |
| 17:11 | Build | Town Center |
| 17:40 | Build | Farm |
| 17:44 | Create | Villager (Male) |
| 18:11 | Build | Town Center |
| 18:17 | Create | Villager (Male) |
| 18:21 | Build | Farm |
| 18:27 | Build | Farm |
| 18:30 | Create | Knight |
| 18:34 | Create | Villager (Male) |
| 19:00 | Build | Farm |
| 19:08 | Build | Farm |
| 19:11 | Create | Villager (Male) |
| 19:17 | Build | Farm |
| 19:33 | Build | Farm |
| 19:39 | Create | Villager (Male) |
| 19:40 | Create | Villager (Male) |
| 19:57 | Create | Camel Scout |
| 20:06 | Build | Stable |
| 20:14 | Build | Farm |
| 20:29 | Research | Husbandry |
| 20:40 | Build | Farm |
| 20:46 | Create | Villager (Male) |
| 20:59 | Create | Knight |
| 21:08 | Build | Farm |
| 21:12 | Create | Villager (Male) |
| 21:38 | Create | Camel Scout |
| 21:41 | Build | Farm |
| 21:44 | Build | Farm |
| 21:55 | Research | Bow Saw |
| 22:07 | Create | Villager (Male) ×2 |
| 22:25 | Build | Town Center |
| 22:37 | Build | Farm |
| 22:44 | Build | Farm |
| 22:50 | Research | Forging |
| 23:04 | Build | Farm |
| 23:10 | Build | Farm |
| 23:12 | Create | Villager (Male) ×2 |
Build order — momo
100 actions detected in the replay
| 0:01 | Create | Villager (Male) |
| 0:01 | Create | Villager (Male) |
| 0:03 | Build | House |
| 0:04 | Build | House |
| 0:20 | Create | Villager (Male) |
| 0:21 | Create | Villager (Male) |
| 1:18 | Create | Villager (Male) |
| 1:54 | Create | Villager (Male) |
| 2:02 | Create | Villager (Male) |
| 2:11 | Build | Lumber Camp |
| 2:32 | Create | Villager (Male) |
| 2:32 | Create | Villager (Male) |
| 2:46 | Create | Villager (Male) |
| 3:20 | Create | Villager (Male) |
| 3:53 | Create | Villager (Male) |
| 4:01 | Build | House |
| 4:17 | Build | Mill |
| 4:31 | Create | Villager (Male) |
| 4:41 | Build | Palisade Wall |
| 4:58 | Create | Villager (Male) |
| 4:58 | Create | Villager (Male) |
| 4:58 | Create | Villager (Male) |
| 5:17 | Create | Villager (Male) |
| 5:30 | Create | Villager (Male) |
| 5:41 | Create | Villager (Male) |
| 6:29 | Research | Loom |
| 6:55 | Research | Feudal Age |
| 7:12 | Create | Villager (Male) |
| 7:40 | Build | Mining Camp |
| 7:48 | Create | Villager (Male) |
| 7:52 | Build | House |
| 8:16 | Create | Villager (Male) |
| 8:33 | Build | Barracks |
| 9:02 | Create | Villager (Male) |
| 9:16 | Age | Feudal Age |
| 9:27 | Build | Archery Range |
| 9:40 | Build | House |
| 9:45 | Create | Spearman |
| 9:47 | Create | Villager (Male) |
| 10:10 | Research | Double-Bit Axe |
| 10:17 | Create | Archer |
| 10:35 | Create | Villager (Male) |
| 10:44 | Build | Farm |
| 10:57 | Create | Archer |
| 11:15 | Create | Archer |
| 11:41 | Build | House |
| 11:47 | Create | Villager (Male) |
| 11:48 | Create | Archer |
| 11:52 | Build | Palisade Wall |
| 12:09 | Create | Villager (Male) |
| 12:14 | Create | Villager (Male) |
| 12:17 | Create | Spearman |
| 12:31 | Build | Farm |
| 12:31 | Build | Farm |
| 12:38 | Build | Palisade Gate |
| 12:44 | Create | Archer |
| 12:46 | Create | Archer |
| 13:28 | Create | Villager (Male) |
| 13:33 | Create | Villager (Male) |
| 13:33 | Create | Villager (Male) |
| 13:54 | Build | Farm |
| 14:16 | Create | Archer |
| 14:17 | Create | Spearman |
| 14:44 | Create | Archer |
| 14:44 | Create | Archer |
| 14:46 | Create | Villager (Male) |
| 15:03 | Create | Villager (Male) |
| 15:04 | Create | Archer |
| 15:05 | Create | Archer |
| 15:23 | Create | Villager (Male) |
| 15:35 | Create | Archer |
| 15:55 | Create | Villager (Male) |
| 15:55 | Create | Villager (Male) |
| 16:03 | Create | Archer |
| 16:20 | Create | Archer |
| 16:22 | Create | Spearman |
| 16:30 | Build | House |
| 17:32 | Create | Archer |
| 17:33 | Create | Archer |
| 17:54 | Create | Villager (Male) |
| 18:23 | Create | Villager (Male) |
| 19:20 | Create | Villager (Male) |
| 19:28 | Build | Lumber Camp |
| 19:39 | Create | Villager (Male) |
| 20:04 | Create | Skirmisher |
| 20:04 | Create | Skirmisher |
| 20:41 | Build | Farm |
| 20:43 | Build | Farm |
| 20:43 | Build | Farm |
| 20:56 | Build | Farm |
| 21:04 | Create | Skirmisher |
| 21:29 | Build | Farm |
| 21:39 | Create | Villager (Male) |
| 22:03 | Create | Villager (Male) |
| 22:10 | Build | Farm |
| 22:14 | Create | Skirmisher |
| 22:14 | Create | Skirmisher |
| 22:38 | Create | Villager (Male) |
| 23:00 | Build | House |
| 23:02 | Create | Villager (Male) |
Build order — 快乐沙狗
144 actions detected in the replay
| 0:02 | Create | Villager (Male) |
| 0:02 | Create | Villager (Male) |
| 0:02 | Create | Villager (Male) |
| 0:02 | Create | Villager (Male) |
| 0:03 | Build | House |
| 0:04 | Build | House |
| 0:10 | Create | Villager (Male) |
| 0:10 | Create | Villager (Male) |
| 1:26 | Create | Villager (Male) |
| 1:26 | Create | Villager (Male) |
| 2:02 | Create | Villager (Male) |
| 2:19 | Create | Villager (Male) |
| 2:19 | Create | Villager (Male) |
| 2:19 | Create | Villager (Male) |
| 2:25 | Build | Lumber Camp |
| 2:29 | Build | House |
| 2:38 | Create | Villager (Male) |
| 2:38 | Create | Villager (Male) |
| 2:38 | Create | Villager (Male) |
| 3:07 | Create | Villager (Male) |
| 3:07 | Create | Villager (Male) |
| 3:24 | Create | Villager (Male) |
| 3:25 | Create | Villager (Male) |
| 3:25 | Create | Villager (Male) |
| 3:42 | Build | Mill |
| 4:12 | Create | Villager (Male) |
| 4:12 | Create | Villager (Male) |
| 5:01 | Create | Villager (Male) |
| 5:56 | Create | Villager (Male) |
| 6:52 | Research | Feudal Age |
| 7:01 | Build | Barracks |
| 7:03 | Build | House |
| 8:13 | Create | Villager (Male) |
| 8:45 | Build | House |
| 8:56 | Age | Feudal Age |
| 9:01 | Build | Stable |
| 9:15 | Create | Villager (Male) |
| 9:19 | Build | Mill |
| 9:27 | Research | Double-Bit Axe |
| 9:30 | Create | Villager (Male) |
| 9:43 | Create | Scout Cavalry |
| 9:43 | Create | Scout Cavalry |
| 9:44 | Create | Scout Cavalry |
| 10:05 | Create | Villager (Male) |
| 10:05 | Create | Villager (Male) |
| 10:05 | Create | Villager (Male) |
| 10:10 | Build | Farm |
| 10:13 | Build | Farm |
| 10:23 | Create | Villager (Male) |
| 10:37 | Create | Villager (Male) |
| 10:48 | Build | Farm |
| 10:50 | Build | Farm |
| 11:05 | Research | Horse Collar |
| 11:29 | Create | Villager (Male) |
| 11:29 | Create | Villager (Male) |
| 11:37 | Build | Farm |
| 11:38 | Build | Farm |
| 11:38 | Build | Farm |
| 11:46 | Research | Loom |
| 11:47 | Create | Villager (Male) |
| 12:12 | Create | Scout Cavalry |
| 12:18 | Build | House |
| 12:20 | Build | House |
| 12:22 | Build | House |
| 12:30 | Build | Farm |
| 12:33 | Build | Farm |
| 12:43 | Research | Wheelbarrow |
| 12:43 | Research | Wheelbarrow |
| 13:02 | Create | Villager (Male) |
| 13:19 | Create | Scout Cavalry |
| 13:27 | Build | Farm |
| 13:29 | Build | Farm |
| 13:39 | Create | Villager (Male) |
| 14:32 | Create | Scout Cavalry |
| 14:33 | Create | Villager (Male) |
| 14:33 | Create | Villager (Male) |
| 14:37 | Create | Villager (Male) |
| 14:40 | Build | Farm |
| 14:46 | Build | Farm |
| 14:52 | Build | Lumber Camp |
| 15:11 | Create | Scout Cavalry |
| 15:11 | Create | Scout Cavalry |
| 15:12 | Create | Villager (Male) |
| 15:42 | Create | Villager (Male) |
| 15:48 | Build | Mining Camp |
| 15:52 | Build | Farm |
| 15:52 | Build | Farm |
| 15:52 | Build | Farm |
| 15:52 | Build | Farm |
| 15:52 | Build | Farm |
| 15:54 | Create | Villager (Male) |
| 16:11 | Build | Blacksmith |
| 16:13 | Build | House |
| 16:14 | Build | House |
| 16:26 | Create | Villager (Male) |
| 16:26 | Create | Villager (Male) |
| 17:07 | Build | Farm |
| 17:08 | Build | Farm |
| 17:33 | Create | Villager (Male) |
| 17:59 | Research | Castle Age |
| 18:11 | Build | Stable |
| 18:14 | Build | House |
| 18:14 | Build | House |
| 18:14 | Build | House |
| 18:15 | Build | House |
| 18:39 | Research | Forging |
| 19:02 | Create | Spearman |
| 19:02 | Create | Spearman |
| 19:04 | Create | Scout Cavalry |
| 19:04 | Create | Scout Cavalry |
| 19:13 | Build | Farm |
| 19:14 | Build | Farm |
| 19:14 | Build | Farm |
| 19:33 | Research | Scale Barding Armor |
| 19:52 | Research | Gold Mining |
| 19:59 | Research | Bloodlines |
| 20:27 | Age | Castle Age |
| 20:27 | Build | Stable |
| 20:31 | Research | Chain Barding Armor |
| 20:49 | Create | Villager (Male) |
| 20:50 | Create | Villager (Male) |
| 21:20 | Research | Fletching |
| 21:23 | Research | Light Cavalry (upgrade) |
| 21:27 | Create | Knight ×2 |
| 21:27 | Create | Knight ×2 |
| 21:30 | Build | Farm |
| 21:40 | Create | Villager (Male) |
| 21:40 | Create | Villager (Male) |
| 21:49 | Create | Knight |
| 21:49 | Create | Knight |
| 22:02 | Create | Villager (Male) |
| 22:02 | Create | Villager (Male) |
| 22:02 | Create | Villager (Male) |
| 22:20 | Create | Villager (Male) |
| 22:22 | Create | Knight |
| 22:22 | Create | Knight |
| 22:23 | Create | Knight |
| 22:28 | Create | Villager (Male) |
| 23:00 | Create | Villager (Male) |
| 23:05 | Create | Knight |
| 23:06 | Create | Knight |
| 23:07 | Research | Husbandry |
| 23:11 | Create | Knight |
| 23:11 | Create | Knight |
Match timeline
| 4:41 | momo · wall_segment Palisade Wall x4 |
| 7:01 | 快乐沙狗 · first_building Barracks |
| 7:33 | Yaoces · first_building Barracks |
| 8:00 | moneyfusion06 · first_building Barracks |
| 8:15 | LordTrump · first_building Barracks |
| 8:33 | momo · first_building Barracks |
| 8:56 | 快乐沙狗 · age_up feudal |
| 8:59 | Yukido · first_building Barracks |
| 9:01 | 快乐沙狗 · first_building Stable |
| 9:16 | momo · age_up feudal |
| 9:27 | momo · first_building Archery Range |
| 9:35 | moneyfusion06 · age_up feudal |
| 9:38 | moneyfusion06 · first_building Stable |
| 9:40 | Yukido · age_up feudal |
| 9:54 | 逐曦者 · age_up feudal |
| 10:03 | Yukido · first_building Archery Range |
| 10:11 | Yaoces · first_building Archery Range |
| 10:21 | Yukido · wall_segment Palisade Wall x1 |
| 10:28 | MVP ? · age_up feudal |
| 10:31 | LordTrump · wall_segment Palisade Wall x1 |
| 10:32 | LordTrump · wall_segment Palisade Wall x1 |
| 10:33 | LordTrump · wall_segment Palisade Wall x1 |
| 10:34 | LordTrump · wall_segment Palisade Wall x1 |
| 10:40 | LordTrump · wall_segment Palisade Wall x4 |
| 10:50 | moneyfusion06 · wall_segment Palisade Wall x1 |
| 10:52 | moneyfusion06 · wall_segment Palisade Wall x1 |
| 11:20 | LordTrump · age_up feudal |
| 11:24 | 逐曦者 · first_building Barracks |
| 11:52 | momo · wall_segment Palisade Wall x1 |
| 11:58 | LordTrump · wall_segment Palisade Wall x9 |
| 12:59 | 逐曦者 · wall_segment Palisade Wall x5 |
| 13:17 | MVP ? · first_market_buy 100 food |
| 13:17 | Yaoces · wall_segment Palisade Wall x1 |
| 14:13 | 逐曦者 · first_market_buy 100 food |
| 14:14 | MVP ? · first_market_sell 100 wood |
| 14:18 | 逐曦者 · first_market_sell 100 stone |
| 14:34 | 逐曦者 · first_building Stable |
| 15:18 | MVP ? · first_building Barracks |
| 15:34 | LordTrump · first_building Archery Range |
| 15:57 | 逐曦者 · wall_segment Palisade Wall x1 |
| 16:12 | LordTrump · resign |
| 16:16 | MVP ? · first_building Stable |
| 16:43 | MVP ? · age_up castle |
| 17:02 | 逐曦者 · age_up castle |
| 17:42 | Yaoces · wall_segment Palisade Wall x22 |
| 18:34 | 逐曦者 · wall_segment Palisade Wall x10 |
| 19:26 | 逐曦者 · wall_segment Palisade Wall x1 |
| 20:27 | 快乐沙狗 · age_up castle |
| 20:31 | 逐曦者 · wall_segment Palisade Wall x8 |
| 21:14 | Yukido · wall_segment Palisade Wall x1 |
| 21:15 | Yukido · wall_segment Palisade Wall x1 |
| 21:17 | Yukido · wall_segment Palisade Wall x1 |
| 21:18 | Yukido · wall_segment Palisade Wall x1 |
| 21:19 | Yukido · wall_segment Palisade Wall x1 |
| 21:36 | moneyfusion06 · first_market_sell 100 stone |
[ AI ANALYSIS · 1 CREDIT ]
What really happened in this match?
Wolo.gg analyzes every decision: build order, eco, micro, common mistakes by bracket. Personalized analysis on WhatsApp or Discord in 30 seconds.
Civ guide
Ethiopians
Map guide
Oasis
Perfil
Jugador #3111069